TOP OF THE 1ST |
West Michigan Whitecaps batting - Pitching for Hickory Crawdads : LHP Phil Tippins
|
Pitching: LHP Phil Tippins
|
|
Batting: RHB Tanner Purchase
|
0-0: Foul Ball, location: 2F 0-1: Ball 1-1: Reaches on Catchers interference
|
Batting: SHB Sean Foley
|
0-0: Ball Tanner Purchase is caught stealing 2nd base 2-4 1-0: Called Strike 1-1: Ball 2-1: Foul Ball, location: 2F 2-2: Ball 3-2: Ground out 4-3 (Groundball, 4S, EV 81.9 MPH)
|
Batting: RHB Dan Becvar
|
0-0: Ball 1-0: Ball 2-0: Ball 3-0: Hit by Pitch
|
Batting: SHB Ross Holland
|
0-0: Called Strike 0-1: Ball 1-1: Ball 2-1: Ground out 5-3 (Groundball, 5S, EV 84.4 MPH)
|
Top of the 1st over - 0 runs, 0 hits, 1 error, 1 left on base; West Michigan 0 - Hickory 0 |
BOTTOM OF THE 1ST |
Hickory Crawdads batting - Pitching for West Michigan Whitecaps : RHP John Evancho
|
Pitching: RHP John Evancho
|
|
Batting: RHB Brian Morrison
|
0-0: Ball 1-0: Swinging Strike 1-1: Ball 2-1: Ball 3-1: Called Strike 3-2: Fly out, F6 (Flyball, 56D, EV 92.5 MPH)
|
Batting: RHB Bernie Varela
|
0-0: Ball 1-0: Called Strike 1-1: Fly out, F7 (Flyball, 78M, EV 75.0 MPH)
|
Batting: LHB Nick Foutz
|
0-0: Ground out U3 (Groundball, 3, EV 84.4 MPH)
|
Bottom of the 1st over - 0 runs, 0 hits, 0 errors, 0 left on base; West Michigan 0 - Hickory 0 |
TOP OF THE 2ND |
West Michigan Whitecaps batting - Pitching for Hickory Crawdads : LHP Phil Tippins
|
Batting: RHB Jordan Mejias
|
0-0: Called Strike 0-1: Ground out 6-3 (Groundball, 6MD, EV 105.6 MPH)
|
Batting: SHB Jared Boyce
|
0-0: Ball 1-0: Swinging Strike 1-1: Called Strike 1-2: Ball 2-2: SOLO HOME RUN (Flyball, 7D, EV 96.9 MPH), Distance : 390 ft
|
Batting: RHB Victor Reyes
|
0-0: Ball 1-0: Called Strike 1-1: Ball 2-1: Swinging Strike 2-2: Strikes out swinging
|
Batting: LHB Oscar Gonzalez
|
0-0: Called Strike 0-1: Called Strike 0-2: Strikes out looking
|
Top of the 2nd over - 1 run, 1 hit, 0 errors, 0 left on base; West Michigan 1 - Hickory 0 |
BOTTOM OF THE 2ND |
Hickory Crawdads batting - Pitching for West Michigan Whitecaps : RHP John Evancho
|
Batting: RHB Andy Sheridan
|
0-0: Foul Ball, location: 2F 0-1: Ball 1-1: Ball 2-1: Foul Ball, location: 2F 2-2: Ball 3-2: SOLO HOME RUN (Flyball, 8LXD, EV 116.9 MPH), Distance : 456 ft
|
Batting: RHB Adryão Anto
|
0-0: Ball 1-0: Ground out U3 (Groundball, 34S, EV 88.1 MPH)
|
Batting: RHB Chris Powell
|
0-0: Foul Ball, location: 2F 0-1: Foul Ball, location: 2F 0-2: Reached on error, E1 (Groundball, 15S, EV 68.1 MPH)
|
Batting: RHB Mike Trujillo
|
0-0: Ball 1-0: Foul Ball, location: 2F 1-1: Fly out, F8 (Flyball, 78XD, EV 91.9 MPH) Runner from 2nd tags up, SAFE at 3rd, no throw by CF
|
Batting: RHB Dave Brabo
|
0-0: SINGLE (Groundball, 4MD, EV 101.9 MPH) (infield hit) Chris Powell scores
|
Batting: RHB Alex Vasquez
|
0-0: Called Strike 0-1: Ball 1-1: Ball 2-1: Foul Ball, location: 2F 2-2: Ground out 5-3 (Groundball, 5S, EV 93.1 MPH)
|
Bottom of the 2nd over - 2 runs, 2 hits, 1 error, 1 left on base; West Michigan 1 - Hickory 2 |
TOP OF THE 3RD |
West Michigan Whitecaps batting - Pitching for Hickory Crawdads : LHP Phil Tippins
|
Batting: RHB Jordan Hall
|
0-0: Called Strike 0-1: Foul Ball, location: 2F 0-2: Ball 1-2: Ball 2-2: Ground out 4-3 (Groundball, 4, EV 84.4 MPH)
|
Batting: RHB Tanner Purchase
|
0-0: Ball 1-0: Ball 2-0: Called Strike 2-1: Fly out, F9 (Line Drive, 9D, EV 110.6 MPH)
|
Batting: SHB Sean Foley
|
0-0: Ball 1-0: Foul Ball, location: 2F 1-1: Foul Ball, location: 2F 1-2: Hit by Pitch
|
Batting: RHB Dan Becvar
|
0-0: Ball 1-0: Fielders Choice at 2nd, 6-4 (Groundball, 6, EV 93.1 MPH)
|
Top of the 3rd over - 0 runs, 0 hits, 0 errors, 1 left on base; West Michigan 1 - Hickory 2 |
BOTTOM OF THE 3RD |
Hickory Crawdads batting - Pitching for West Michigan Whitecaps : RHP John Evancho
|
Batting: RHB Brian Morrison
|
0-0: Foul Ball, location: 2F 0-1: Ball 1-1: SINGLE (Groundball, 6, EV 102.5 MPH)
|
Batting: RHB Bernie Varela
|
0-0: Ball 1-0: Called Strike 1-1: Called Strike 1-2: Strikes out swinging
|
Batting: LHB Nick Foutz
|
0-0: SINGLE (Groundball, 5D, EV 105.6 MPH) Brian Morrison to second
|
Batting: RHB Andy Sheridan
|
0-0: Foul Ball, location: 2F 0-1: Ball 1-1: Grounds into double play, 6-4-3 (Groundball, 56, EV 78.8 MPH)
|
Bottom of the 3rd over - 0 runs, 2 hits, 0 errors, 1 left on base; West Michigan 1 - Hickory 2 |
TOP OF THE 4TH |
West Michigan Whitecaps batting - Pitching for Hickory Crawdads : LHP Phil Tippins
|
Batting: SHB Ross Holland
|
0-0: Called Strike 0-1: Ball 1-1: Ball 2-1: Ball 3-1: Called Strike 3-2: Foul Ball, location: 2F 3-2: Strikes out swinging
|
Batting: RHB Jordan Mejias
|
0-0: Ball 1-0: Foul Ball, location: 2F 1-1: Foul Ball, location: 2F 1-2: Strikes out swinging
|
Batting: SHB Jared Boyce
|
0-0: Foul Ball, location: 2F 0-1: Ball 1-1: Called Strike 1-2: Ball 2-2: Ball 3-2: Foul Ball, location: 2F 3-2: Fly out, F9 (Line Drive, 9D, EV 98.1 MPH)
|
Top of the 4th over - 0 runs, 0 hits, 0 errors, 0 left on base; West Michigan 1 - Hickory 2 |
BOTTOM OF THE 4TH |
Hickory Crawdads batting - Pitching for West Michigan Whitecaps : RHP John Evancho
|
Batting: RHB Adryão Anto
|
0-0: Called Strike 0-1: Swinging Strike 0-2: Ground out 6-3 (Groundball, 6, EV 83.1 MPH)
|
Batting: RHB Chris Powell
|
0-0: SINGLE (Groundball, 6S, EV 67.5 MPH) (infield hit)
|
Batting: RHB Mike Trujillo
|
0-0: Called Strike Chris Powell is caught stealing 2nd base 2-4 0-1: Foul Ball, location: 2F 0-2: Foul Ball, location: 2F 0-2: Ball 1-2: Ball 2-2: Ground out 5-3 (Groundball, 56, EV 84.4 MPH)
|
Bottom of the 4th over - 0 runs, 1 hit, 0 errors, 0 left on base; West Michigan 1 - Hickory 2 |
TOP OF THE 5TH |
West Michigan Whitecaps batting - Pitching for Hickory Crawdads : LHP Phil Tippins
|
Batting: RHB Victor Reyes
|
0-0: Ball 1-0: Ball 2-0: Called Strike 2-1: Ball 3-1: Base on Balls
|
Batting: LHB Oscar Gonzalez
|
0-0: Ground out 5-3 (Groundball, 6S, EV 63.8 MPH) Victor Reyes to second
|
Batting: RHB Jordan Hall
|
0-0: Called Strike 0-1: Ground out 4-3 (Groundball, 4, EV 90.6 MPH) Victor Reyes to third
|
Batting: RHB Tanner Purchase
|
0-0: Swinging Strike 0-1: Swinging Strike 0-2: Ball 1-2: Strikes out swinging
|
Top of the 5th over - 0 runs, 0 hits, 0 errors, 1 left on base; West Michigan 1 - Hickory 2 |
BOTTOM OF THE 5TH |
Hickory Crawdads batting - Pitching for West Michigan Whitecaps : RHP John Evancho
|
Batting: RHB Dave Brabo
|
0-0: Ball 1-0: Swinging Strike 1-1: Foul Ball, location: 2F 1-2: Foul Ball, location: 2F 1-2: Strikes out swinging
|
Batting: RHB Alex Vasquez
|
0-0: Ball 1-0: Called Strike 1-1: Called Strike 1-2: Ball 2-2: Ground out 6-3 (Groundball, 6D, EV 105.0 MPH)
|
Batting: RHB Brian Morrison
|
0-0: SINGLE (Groundball, P, EV 85.0 MPH) (infield hit)
|
Batting: RHB Bernie Varela
|
0-0: Called Strike Brian Morrison steals 2nd base 0-1: Ground out 4-3 (Groundball, 34, EV 79.4 MPH)
|
Bottom of the 5th over - 0 runs, 1 hit, 0 errors, 1 left on base; West Michigan 1 - Hickory 2 |
TOP OF THE 6TH |
West Michigan Whitecaps batting - Pitching for Hickory Crawdads : LHP Phil Tippins
|
Batting: SHB Sean Foley
|
0-0: Ball 1-0: Fly out, F8 (Line Drive, 8RD, EV 93.8 MPH)
|
Batting: RHB Dan Becvar
|
0-0: Foul Ball, location: 2F 0-1: Foul Ball, location: 2F 0-2: Ball 1-2: Strikes out swinging
|
Batting: SHB Ross Holland
|
0-0: Called Strike 0-1: Fly out, F6 (Popup, P, EV 75.6 MPH)
|
Top of the 6th over - 0 runs, 0 hits, 0 errors, 0 left on base; West Michigan 1 - Hickory 2 |
BOTTOM OF THE 6TH |
Hickory Crawdads batting - Pitching for West Michigan Whitecaps : RHP John Evancho
|
Batting: LHB Nick Foutz
|
0-0: Ball 1-0: Ball 2-0: Ball 3-0: Called Strike 3-1: Base on Balls
|
Batting: RHB Andy Sheridan
|
0-0: Swinging Strike 0-1: Ball 1-1: Called Strike 1-2: Ball 2-2: Ball 3-2: Foul Ball, location: 2F 3-2: Base on Balls Nick Foutz to second
|
Batting: RHB Adryão Anto
|
0-0: Called Strike 0-1: Foul Ball, location: 2F 0-2: Strikes out swinging
|
Batting: RHB Chris Powell
|
0-0: Fly out, F9 (Flyball, 9, EV 86.9 MPH)
|
Pitching: RHP Luke Totzke
|
|
Batting: RHB Mike Trujillo
|
0-0: Called Strike 0-1: Foul Ball, location: 2F 0-2: Fly out, F8 (Line Drive, 8RM, EV 97.5 MPH)
|
Bottom of the 6th over - 0 runs, 0 hits, 0 errors, 2 left on base; West Michigan 1 - Hickory 2 |
TOP OF THE 7TH |
West Michigan Whitecaps batting - Pitching for Hickory Crawdads : LHP Phil Tippins
|
Now at 1B: Bernie Varela
|
|
Now at 2B: Chance Lamb
|
|
Now at 3B: Alex Vasquez
|
|
Batting: RHB Jordan Mejias
|
0-0: Ground out 5-3 (Groundball, 56, EV 85.6 MPH)
|
Batting: SHB Jared Boyce
|
0-0: Foul Ball, location: 2F 0-1: Foul Ball, location: 2F 0-2: Ground out 6-3 (Groundball, 6S, EV 86.2 MPH)
|
Batting: RHB Victor Reyes
|
0-0: Ball 1-0: Foul Ball, location: 2F 1-1: Foul Ball, location: 2F 1-2: Strikes out looking
|
Top of the 7th over - 0 runs, 0 hits, 0 errors, 0 left on base; West Michigan 1 - Hickory 2 |
BOTTOM OF THE 7TH |
Hickory Crawdads batting - Pitching for West Michigan Whitecaps : RHP Luke Totzke
|
Batting: RHB Dave Brabo
|
0-0: Called Strike 0-1: Called Strike 0-2: Foul Ball, location: 2F 0-2: SINGLE (Line Drive, 7LS, EV 93.8 MPH)
|
Batting: RHB Alex Vasquez
|
0-0: Fielders Choice at 2nd, 1-4 (Groundball, P, EV 68.8 MPH)
|
Batting: LHB Manuel Arguello
|
0-0: Ball 1-0: Called Strike 1-1: Foul Ball, location: 2F 1-2: SINGLE (Groundball, 34D, EV 101.2 MPH) Alex Vasquez to second Runner from 2nd tries for 3rd, SAFE, throw by RF made to third Manuel Arguello to second
|
Batting: RHB Bernie Varela
|
0-0: Swinging Strike 0-1: SINGLE (Line Drive, 34D, EV 103.8 MPH) Alex Vasquez scores Manuel Arguello to third
|
Pitching: LHP Neil Palazzo
|
|
Batting: LHB Nick Foutz
|
0-0: Called Strike 0-1: Ball Wild Pitch! Manuel Arguello scores Bernie Varela to second 1-1: Fly out, F7 (Flyball, 78M, EV 87.5 MPH)
|
Batting: RHB Chance Lamb
|
0-0: Ball 1-0: Swinging Strike 1-1: Fly out, F6 (Popup, 4MD, EV 45.6 MPH)
|
Bottom of the 7th over - 2 runs, 3 hits, 0 errors, 1 left on base; West Michigan 1 - Hickory 4 |
TOP OF THE 8TH |
West Michigan Whitecaps batting - Pitching for Hickory Crawdads : LHP Phil Tippins
|
Now at 2B: Alex Vasquez
|
|
Now at 3B: Darnell Jones
|
|
Batting: LHB Oscar Gonzalez
|
0-0: Foul Ball, location: 2F 0-1: Swinging Strike 0-2: Ball 1-2: Strikes out swinging
|
Batting: RHB Jordan Hall
|
0-0: Ground out 5-3 (Groundball, 56S, EV 68.1 MPH)
|
Batting: RHB Tanner Purchase
|
0-0: Called Strike 0-1: Ball 1-1: Ball 2-1: Swinging Strike 2-2: Foul Ball, location: 2F 2-2: Ball 3-2: Base on Balls
|
Batting: SHB Sean Foley
|
0-0: Foul Ball, location: 2F 0-1: Ball 1-1: Ball 2-1: Ball 3-1: Called Strike 3-2: Base on Balls Tanner Purchase to second
|
Pitching: RHP Mike Warren
|
|
Batting: RHB Dan Becvar
|
0-0: Swinging Strike 0-1: Swinging Strike 0-2: Ball 1-2: Ball 2-2: Strikes out swinging
|
Top of the 8th over - 0 runs, 0 hits, 0 errors, 2 left on base; West Michigan 1 - Hickory 4 |
BOTTOM OF THE 8TH |
Hickory Crawdads batting - Pitching for West Michigan Whitecaps : LHP Neil Palazzo
|
Batting: RHB Adryão Anto
|
0-0: Called Strike 0-1: Ball 1-1: SINGLE (Groundball, 56D, EV 108.8 MPH)
|
Batting: RHB Chris Powell
|
0-0: Bunt - Flyout to 23 - DP at third! 3-4
|
Batting: RHB Mike Trujillo
|
0-0: Ball 1-0: Foul Ball, location: 2F 1-1: Ball 2-1: Ball 3-1: Base on Balls
|
Batting: RHB Dave Brabo
|
0-0: Ball Mike Trujillo steals 2nd base 1-0: Ball 2-0: Fly out, F8 (Flyball, 8LXD, EV 108.8 MPH)
|
Bottom of the 8th over - 0 runs, 1 hit, 0 errors, 1 left on base; West Michigan 1 - Hickory 4 |
TOP OF THE 9TH |
West Michigan Whitecaps batting - Pitching for Hickory Crawdads : RHP Mike Warren
|
Batting: SHB Ross Holland
|
0-0: Ball 1-0: Ball 2-0: Called Strike 2-1: Foul Ball, location: 2F 2-2: Ball 3-2: Fly out, F7 (Flyball, 7D, EV 106.9 MPH)
|
Batting: RHB Jordan Mejias
|
0-0: Foul Ball, location: 2F 0-1: Ball 1-1: Foul Ball, location: 2F 1-2: Foul Ball, location: 2F 1-2: Strikes out looking
|
Batting: SHB Jared Boyce
|
0-0: Swinging Strike 0-1: Foul Ball, location: 2F 0-2: Foul Ball, location: 2F 0-2: Foul Ball, location: 2F 0-2: Strikes out swinging
|
Top of the 9th over - 0 runs, 0 hits, 0 errors, 0 left on base; West Michigan 1 - Hickory 4 |
|